 Dungeon Crawl Stone Soup version 0.28.0-53-g5a82cb258f (webtiles) character file.

Game seed: 1630224346975565051

202664 Zeldest the Earth Mage (level 17, -10/98 HPs)
             Began as a Felid Summoner on Aug 20, 2022.
             Was the Champion of Vehumet.
             Mangled by a +1 glaive of freezing (12 damage)
             ... on level 2 of the Elven Halls on Aug 21, 2022.
             The game lasted 04:03:24 (38680 turns).

Zeldest the Earth Mage (Felid Summoner)            Turns: 38680, Time: 04:03:25

Health: -10/98     AC: 28    Str:  4    XL:     17   Next: 45%
Magic:  19/36      EV: 29    Int: 23    God:    Vehumet [******]
Gold:   2652       SH:  0    Dex: 18    Spells: 3/44 levels left
                                        Lives:  0   Deaths: 4

rFire   . . .      SeeInvis +     - Unarmed
rCold   . . .      Faith    .   (shield unavailable)
rNeg    + . .      Spirit   .   (armour unavailable)
rPois   ∞          Reflect  .   (helmet unavailable)
rElec   +          Harm     .   (cloak unavailable)
rCorr   .          Rampage  .   (gloves unavailable)
Will    ++++.                   (boots unavailable)
Stlth   ++........              o - amulet of magic regeneration
HPRegen 1.06/turn               I - ring of wizardry
MPRegen 0.65/turn               s - ring of willpower

@: statue-form, very slow
A: slow and powerful, torment resistance 1, boosted hp, very small, claws 1,
fangs 3, see invisible, (speed 1), (shaggy fur 3), stealthy paws, no weapons or
thrown items, no armour, multi-lived, strong-willed 1, regeneration 1
}: 2/15 runes: barnacled, gossamer
a: End Transformation, Renounce Religion


You were on level 2 of the Elven Halls.
You worshipped Vehumet.
Vehumet was exalted by your worship.
You were a living statue of rough stone.
You visited 8 branches of the dungeon, and saw 35 of its levels.
You visited 1 bazaar.

You collected 3393 gold pieces.
You spent 741 gold pieces at shops.

Inventory:

Jewellery
 b - a +4 ring of evasion
 d - an amulet of the acrobat
 o - an amulet of magic regeneration (around neck)
 r - a ring of protection from fire
 s - a ring of willpower (right paw)
 A - a ring of fire
 F - a ring of poison resistance
 G - a ring of positive energy
 H - a ring of magical power
 I - a ring of wizardry (left paw)
 O - a ring of willpower
 Q - a ring of willpower
Wands
 e - a wand of flame (47)
 l - a wand of charming (1)
 u - a wand of polymorph (18)
 v - a wand of paralysis (1)
 y - a wand of iceblast (21)
 D - a wand of mindburst (9)
 L - a wand of acid (5)
Scrolls
 c - 6 scrolls of vulnerability
 j - 5 scrolls of noise
 n - 5 scrolls of teleportation
 w - 3 scrolls of fear
 x - 13 scrolls of identify
 J - 3 scrolls of silence
 K - a scroll of fog
 M - 2 scrolls of immolation
Potions
 a - 3 potions of magic
 f - 2 potions of cancellation
 h - 8 potions of flight
 i - 3 potions of might
 m - 9 potions of curing
 p - 7 potions of mutation
 q - 5 potions of brilliance
 z - 4 potions of ambrosia
 B - 2 potions of berserk rage
 C - a potion of attraction
 E - 8 potions of haste
 N - 2 potions of lignification
Miscellaneous
 g - a condenser vane


   Skills:
 + Level 10.1 Fighting
 + Level 15.3 Dodging
 - Level 2.6 Stealth
 - Level 2.5 Unarmed Combat
 - Level 14.1 Spellcasting
 - Level 10.8 Conjurations
 - Level 7.0 Hexes
 - Level 6.0 Summonings
 - Level 10.0 Translocations
 - Level 13.5 Transmutations
 - Level 12.4 Ice Magic
 - Level 4.0 Air Magic
 * Level 15.7 Earth Magic
 - Level 1.8 Invocations


You had 3 spell levels left.
You knew the following spells:

 Your Spells              Type           Power      Damage    Failure   Level
a - Statue Form           Tmut/Erth      46%        N/A       1%          6
b - Dispersal             Tloc           29%        N/A       4%          6
c - Shatter               Erth           36%        3d29*     47%         9
d - Summon Guardian Gole  Hex/Summ       46%        N/A       1%          3
e - Blink                 Tloc           100%       N/A       1%          2
f - Iskenderun's Mystic   Conj/Tloc      59%        2d12      1%          4
g - Lee's Rapid Deconstr  Erth           36%        3d19*     1%          5
h - Freezing Cloud        Conj/Ice/Air   27%        6-21      1%          5
i - Magic Dart            Conj           100%       1d8       1%          1

Your spell library contained the following spells:

 Spells                   Type           Power      Damage    Failure   Level
 Maxwell's Capacitive Co  Air            17%        ∞         97%         8
 Chain Lightning          Conj/Air       25%        3d33      100%        9
 Beastly Appendage        Tmut           100%       N/A       0%          1
 Sandblast                Erth           100%       2d20      0%          1
 Passwall                 Tmut/Erth      58%        N/A       0%          2
 Wereblood                Tmut           68%        N/A       0%          2
 Animate Skeleton         Necr           32%        N/A       1%          1
 Pain                     Necr           64%        1d7       1%          1
 Slow                     Hex            100%       N/A       1%          1
 Summon Small Mammal      Summ           100%       N/A       1%          1
 Call Imp                 Summ           43%        N/A       1%          2
 Corpse Rot               Necr/Air       50%        N/A       1%          2
 Ensorcelled Hibernation  Hex/Ice        100%       N/A       1%          2
 Call Canine Familiar     Summ           43%        N/A       1%          3
 Confusing Touch          Hex            48%        N/A       1%          3
 Conjure Flame            Conj/Fire      41%        6-21      1%          3
 Dazzling Flash           Conj/Hex       100%       N/A       1%          3
 Gell's Gravitas          Tloc           58%        N/A       1%          3
 Ignite Poison            Fire/Tmut/Pois 37%        N/A       1%          3
 Inner Flame              Hex/Fire       32%        N/A       1%          3
 Lesser Beckoning         Tloc           58%        N/A       1%          3
 Spider Form              Tmut/Pois      47%        N/A       1%          3
 Swiftness                Air            34%        N/A       1%          3
 Teleport Other           Tloc           58%        N/A       1%          3
 Sublimation of Blood     Necr           16%        N/A       2%          2
 Vampiric Draining        Necr           16%        2d7       4%          3
 Fulminant Prism          Conj/Hex       27%        3d14      1%          4
 Ice Form                 Ice/Tmut       66%        N/A       1%          4
 Leda's Liquefaction      Hex/Erth       31%        N/A       1%          4
 Passage of Golubria      Tloc           58%        N/A       1%          4
 Sticky Flame             Conj/Fire      41%        2d6       1%          4
 Summon Lightning Spire   Summ/Air       39%        N/A       1%          4
 Manifold Assault         Tloc           58%        N/A       1%          5
 Conjure Ball Lightning   Conj/Air       25%        3x3d7     3%          6
 Silence                  Hex/Air        20%        N/A       4%          5
 Starburst                Conj/Fire      20%        6d7       7%          6
 Lehudib's Crystal Spear  Conj/Erth      33%        10d9      12%         8
 Animate Dead             Necr           8%         N/A       16%         4
 Dispel Undead            Necr           16%        3d10      16%         4
 Simulacrum               Ice/Necr       22%        N/A       17%         6
 Summon Hydra             Summ           21%        N/A       69%         7
 Polar Vortex             Ice            32%        N/A       86%         9
 Death Channel            Necr           8%         N/A       89%         6
 Haunt                    Necr/Summ      15%        N/A       97%         7
 Infestation              Necr           8%         N/A       100%        8


Dungeon Overview and Level Annotations

Branches:
Dungeon (15/15)            Temple (1/1) D:6            Lair (6/6) D:9
 Shoals (4/4) Lair:2       Spider (4/4) Lair:3        Slime (0/5) Lair:5
    Orc (2/2) D:12            Elf (1/3) Orc:2        Vaults (1/5) D:14
 Depths (0/4) D:15

Altars:
Ashenzari
Cheibriados
Dithmenos
Elyvilon
Fedhas
Hepliaklqana
Kikubaaqudgha
Makhleb
Nemelex Xobeh
Qazlal
Ru
Sif Muna
Uskayaw
Vehumet
Wu Jian
Xom
Yredelemnul
Zin
The Shining One
Beogh
Jiyva

Shops:
D:2 [   Orc:1 ?   Orc:2 *(=[*   Shoals:2 [*

Portals:
Bazaar: D:11
Trove: Vaults:1 (give horn of Geryon)

Annotations:
D:5 exclusions: 2 doors and 1 more exclusion
Elf:2 2 runed translucent doors


Innate Abilities, Weirdness & Mutations

You are a living statue of rough stone.
Your actions are slow, but your melee attacks are powerful.
You are resistant to unholy torment.
Your maximum health is greatly increased.
You are immune to poison.
You have sharp claws.
You have razor-sharp teeth.
You have supernaturally acute eyesight. (SInv)
((You cover ground quickly. (Speed+)))
((Your thick and shaggy fur keeps you warm. (AC +3, rC+)))
Your paws help you pounce on unaware monsters.
You are incapable of wielding weapons or throwing items.
You cannot wear armour.
You gain extra lives every three experience levels.
You are strong-willed. (Will+)
Your natural rate of healing is unusually fast.


Message History

The +1 glaive of freezing hits you from afar!
* * * LOW HITPOINT WARNING * * *
The +1 glaive of freezing freezes you.
* * * LOW HITPOINT WARNING * * *
The deep elf archer unwields a +0 dagger.
The deep elf archer wields a +0 longbow.
The deep elf archer shoots an arrow.
The arrow hits your water elemental!
The deep elf pyromancer closely misses you.
The deep elf zephyrmancer gestures wildly while chanting.
The deep elf zephyrmancer blinks!
The deep elf zephyrmancer misses your deep elf archer.
You hear a shout!
Okay, then.
The +1 glaive of freezing hits you from afar!
* * * LOW HITPOINT WARNING * * *
The +1 glaive of freezing freezes you.
* * * LOW HITPOINT WARNING * * *
The +1 glaive of freezing hits you but does no damage.
Your deep elf archer gestures at the deep elf zephyrmancer while chanting.
The deep elf death mage resists with almost no effort.
The deep elf zephyrmancer misses your deep elf archer.
Your water elemental hits the deep elf zephyrmancer!!
The deep elf zephyrmancer dies!
Vehumet accepts your kill.
The deep elf death mage hits your deep elf archer with a +0 long sword.
The deep elf pyromancer casts a spell at you.
The sticky flame misses you.
Okay, then.
Okay, then.
Okay, then.
Okay, then.
Casting: Iskenderun's Mystic Blast (safe; 1% risk of failure)
Confirm with . or Enter, or press ? or * to list all spells.
Okay, then.
Casting: Iskenderun's Mystic Blast (safe; 1% risk of failure)
Confirm with . or Enter, or press ? or * to list all spells.
You blink.
A deep elf archer comes into view.
It is wielding a +4 dagger of holy wrath.
Found a book of Rime.
The +1 glaive of freezing hits you!
You die...

***,*,****** *,,,....,,*
,,∩,,,,,,,.#* *,......∩,*
*,,**,*****.#* *.....,,,,*
,****,* **.#* *#....,,,,<*
** *,* *#.#####.#.#*,***** *
*,* ##.....#.#**** * *,*
##§§§.ee§#* *****,***
#..§○.(ee# ,*>,,,,,**
#)○§°8.)e#
*,,,,,,,,**##..$.E.##
,,,,,,,,,,**#§§e..#e#*
*,,,,,,,,**#§#.####*.#******
**,,,,,,**#.#.## **.#,,,,*
****,***#.*(#* **.:,,,*
******,*#.*.#* ****.,,,****
,,,****..*e$* *,,,,,,,,,,*
,,,,,,,.,e#,* *,,,,,,,,,,*


You could see a deep elf death mage (ally target), 2 deep elf archers, a deep
elf pyromancer (ally target), 2 deep elf zephyrmancers, 2 dancing weapons, a
friendly deep elf archer (summoned, repels missiles), a friendly water elemental
(summoned) and a friendly deep elf zephyrmancer (summoned).

Vanquished Creatures
  Mara (Shoals:4)
  Nikola (Shoals:4)
  Jorgrun (Orc:1)
  A titan (Shoals:4)
  Asterion (Spider:1)
  A kraken (Shoals:1)
  A sphinx (D:15)
  Polyphemus (Shoals:4)
  Kirke (Lair:5)
  A tengu reaver (Vaults:1)
  Roxanne (D:14)
  Donald (Spider:1)
  3 vault wardens (Vaults:1)
  2 frost giants
  4 orc warlords
  4 ghost moths
  Louise (D:15)
  2 emperor scorpions
  Aizul (Spider:1)
  6 ironbound preservers (Vaults:1)
  4 broodmothers (Spider:4)
  A stone giant (Shoals:1)
  3 very ugly things (Vaults:1)
  An ironbound thunderhulk (Vaults:1)
  3 entropy weavers
  Azrael (D:14)
  A dire elephant (Vaults:1)
  An ettin (Orc:1)
  7 merfolk javelineers (Shoals:4)
  8 merfolk impalers
  6 yaktaur captains
  7 vault guards
  11 hydras
  4 jorogumos
  8 boulder beetles
  6 merfolk avatars
  An ogre mage (D:14)
  2 radroaches
  8 centaur warriors
  3 catoblepae
  A satyr (Shoals:4)
  A merfolk aquamancer (Shoals:4)
  4 two-headed ogres
  2 ironbound frosthearts (Vaults:1)
  An alligator snapping turtle (Shoals:4)
  A dancing weapon (Elf:2)
  4 tengu warriors
  2 death yaks (Shoals:4)
  3 orc high priests (Orc:2)
  3 deep elf knights
  4 sun moths
  4 steelbarb worms
  15 sea snakes
  6 pharaoh ants
  A skeletal warrior (D:15)
  6 deep trolls (Vaults:1)
  10 orb spiders
  2 deep elf archers (Elf:1)
  A phantasmal warrior (D:13)
  A necromancer (D:15)
  3 lindwurms (Vaults:1)
  16 harpies
  5 wizards
  4 ironbound convokers (Vaults:1)
  A wolf spider zombie (D:15)
  2 deep elf pyromancers
  8 fauns
  12 orc knights
  19 ugly things
  4 deep elf zephyrmancers
  14 wolf spiders
  12 manticores
  7 orc sorcerers
  A mana viper (shapeshifter) (Vaults:1)
  13 cyclopes
  4 centaur zombies
  3 moths of wrath
  6 black mambas
  7 water nymphs
  8 merfolk sirens
  5 elephants
  A naga mage (D:15)
  3 vault sentinels (Vaults:1)
  3 gargoyles
  5 torpor snails
  9 cane toads
  3 rime drakes
  3 kobold demonologists
  A tengu conjurer (D:13)
  9 komodo dragons
  8 demonic crawlers
  17 yaktaurs (Vaults:1)
  A freezing wraith (Vaults:1)
  17 meliai
  5 trolls
  A wolf spider simulacrum (D:15)
  20 merfolk
  2 polar bears (Lair:6)
  4 hornets (Lair:6)
  4 snapping turtles
  17 slime creatures
  12 tarantellas
  14 dream sheep
  10 wind drakes
  13 blink frogs
  A meliai zombie (D:15)
  27 jumping spiders
  2 shadows
  5 wraiths
  13 spriggans (Lair:6)
  27 yaks
  12 culicivoras
  7 air elementals (Shoals:4)
  A culicivora (shapeshifter) (D:14)
  14 water elementals
  7 wyverns
  3 hogs (Lair:5)
  6 basilisks
  3 fire bats (Lair:2)
  4 fire elementals
  2 steam dragons
  39 redbacks
  7 vampire mosquitoes
  4 wargs
  An acid dragon (D:11)
  11 water moccasins
  2 hell hounds (D:14)
  36 orc warriors
  5 black bears (Lair:6)
  3 ogres
  21 wolves
  5 boggarts (Lair:6)
  3 centaurs
  2 kobold brigands (D:12)
  A gnoll sergeant (D:12)
  A wyvern zombie (D:8)
  8 bullfrogs
  A scorpion (Lair:2)
  8 killer bees
  3 wights (D:10)
  7 electric eels
  23 orc priests
  20 orc wizards
  A nameless horror (D:6)
  A howler monkey zombie (D:11)
  An adder (D:2)
  4 gnolls
  An ufetubus (D:4)
  75 orcs
  5 endoplasms
  3 goblins
  3 hobgoblins
  3 jackals
  A quokka (D:1)
  3 bats
  2 frilled lizards (D:1)
  12 kobolds
  2 rats
  4 fulminant prisms (Lair:2)
  A tentacle (Shoals:1)
996 creatures vanquished.

Vanquished Creatures (collateral kills)
  A boulder beetle (D:13)
  A death knight (D:13)
  A deep elf zephyrmancer (Elf:2)
  A cane toad (Lair:3)
  A freezing wraith (D:13)
  A wind drake (Lair:2)
  Sigmund (D:6)
  A bullfrog (D:8)
  A scorpion (D:6)
  3 wights
  3 howler monkeys
  A centaur zombie (D:7)
  A bullfrog skeleton (D:6)
  A jelly (D:5)
  An orc priest (D:3)
  Jessica (D:3)
  3 iguanas
  An orc wizard (D:8)
  A howler monkey zombie (D:5)
  4 gnolls
  6 adders
  A shadow imp (D:8)
  A worm (D:5)
  10 orcs
  6 endoplasms
  2 hobgoblins
  A jackal (D:4)
  11 kobolds
  3 quokkas
  3 ball pythons
  2 bats (D:2)
  A frilled lizard (D:1)
  3 goblins
  3 rats
82 creatures vanquished.

Vanquished Creatures (others)
  A war gargoyle (Vaults:1)
  Josephine (D:14)
  A yaktaur captain (Vaults:1)
  A jorogumo (Spider:4)
  2 two-headed ogres (D:11)
  A tengu warrior (D:11)
  2 death yaks (Lair:1)
  3 skeletal warriors (D:15)
  The ghost of safid the Cleaver, a novice HOFi of Beogh (D:6)
  A cyclops (D:14)
  A wolf spider (Spider:1)
  A water nymph (Shoals:4)
  A torpor snail (Lair:1)
  A black mamba (Lair:3)
  2 cane toads
  A yaktaur (Vaults:1)
  2 komodo dragons
  2 trolls
  A culicivora (Spider:4)
  2 wyverns (D:9)
  The ghost of Nyth the Skirmisher, an amateur MiBe of Trog (D:3)
  15 yaks
  Grum (D:8)
  2 basilisks (D:9)
  A steam dragon (D:9)
  Edmund (D:6)
  A water moccasin (D:7)
  2 orc warriors
  A swamp drake (D:9)
  The ghost of Godmorgon the Skirmisher, an amateur MiFi (D:3)
  The ghost of jjjjhere the Shield-Bearer, an amateur MiFi of Nemelex Xobeh (D:3)
  A hornet zombie (D:15)
  6 wolves
  2 centaurs
  3 kobold brigands
  A wyvern zombie (D:8)
  A gnoll sergeant (D:6)
  4 killer bees (D:7)
  14 wights
  Crazy Yiuf (D:2)
  2 gnoll shamans
  A jelly (D:6)
  6 gnolls
  5 orcs
  An endoplasm (D:3)
  5 kobolds
  202 fulminant prisms
  78 fungi
  136 plants
  4 tentacles (Shoals:1)
528 creatures vanquished.

Grand Total: 1606 creatures vanquished

Notes
Turn   | Place    | Note
-------+----------+-------------------------------------------
     0 | D:1      | Zeldest the Felid Summoner began the quest for the Orb.
     0 | D:1      | Reached XP level 1. HP: 7/7 MP: 4/4
   231 | D:1      | Reached XP level 2. HP: 9/12 MP: 4/6
   234 | D:1      | Learned a level 2 spell: Call Imp
   289 | D:1      | Found a faded altar of an unknown god.
   363 | D:2      | Found Idiak's Antique Armour Shoppe.
   477 | D:2      | Reached skill level 1 in Unarmed Combat
   591 | D:2      | Reached skill level 1 in Fighting
   591 | D:2      | Reached XP level 3. HP: 12/15 MP: 2/7
   631 | D:2      | Learned a level 3 spell: Call Canine Familiar
   651 | D:3      | Found a glowing silver altar of Zin.
   683 | D:3      | Noticed Jessica
   712 | D:3      | Killed Jessica
   713 | D:3      | Reached XP level 4. HP: 19/19 MP: 4/8
  1174 | D:4      | Found a white marble altar of Elyvilon.
  1223 | D:4      | Became a worshipper of Elyvilon the Healer
  1258 | D:5      | Entered Level 5 of the Dungeon
  1300 | D:5      | Reached XP level 5. HP: 22/22 MP: 4/10
  1407 | D:5      | Noticed a yak
  1407 | D:5      | Noticed a yak
  1407 | D:5      | Noticed a yak
  1407 | D:5      | Noticed a yak
  1784 | D:5      | Identified the +0 robe of Yredelemnul's Whim {Dex+3}
  1856 | D:6      | Reached * piety under Elyvilon
  1928 | D:6      | Found a staircase to the Ecumenical Temple.
  1938 | D:6      | Reached skill level 1 in Transmutations
  1938 | D:6      | Reached skill level 1 in Invocations
  1950 | D:6      | Gained mutation: You are covered in thick fur. (AC +2)
                  | [Felid growth]
  1950 | D:6      | Reached XP level 6. HP: 22/26 MP: 4/11
  1957 | Temple   | Entered the Ecumenical Temple
  1985 | Temple   | Fell from the grace of Elyvilon
  1985 | Temple   | Became a worshipper of Vehumet
  2025 | D:6      | Learned a level 3 spell: Summon Guardian Golem
  2414 | D:6      | Reached skill level 1 in Conjurations
  2414 | D:6      | Reached skill level 1 in Hexes
  2414 | D:6      | Reached skill level 5 in Summonings
  2591 | D:6      | Found a runed translucent gate.
  2591 | D:6      | Found a runed translucent gate.
  2591 | D:6      | Found a runed translucent gate.
  2592 | D:6      | Noticed safid's ghost (novice HOFi)
  2667 | D:7      | Reached skill level 1 in Translocations
  2667 | D:7      | Reached XP level 7. HP: 26/30 MP: 2/12
  2755 | D:7      | Learned a level 2 spell: Blink
  2922 | D:7      | Noticed a steam dragon
  2939 | D:7      | Reached skill level 5 in Dodging
  3051 | D:7      | Noticed Maggie
  3082 | D:7      | Killed a steam dragon
  3352 | D:7      | Noticed Maggie
  3352 | D:7      | Maggie changed into Maggie the bat
  3355 | D:7      | Killed Maggie the bat
  3390 | D:8      | Reached * piety under Vehumet
  3390 | D:8      | Offered knowledge of Freeze by Vehumet.
  3402 | D:8      | Reached XP level 8. HP: 22/34 MP: 1/14
  3475 | D:8      | Found an ornate altar of the Wu Jian Council.
  3597 | D:8      | Found a snail-covered altar of Cheibriados.
  3597 | D:8      | Found a faded altar of an unknown god.
  3602 | D:8      | Found a hide-covered altar of Uskayaw.
  3604 | D:8      | Found a sparkling altar of Nemelex Xobeh.
  3605 | D:8      | Found a glowing golden altar of the Shining One.
  3663 | D:8      | Noticed Grum
  3701 | D:8      | Killed Grum
  3737 | D:8      | Reached skill level 5 in Translocations
  4135 | D:8      | Reached XP level 9. HP: 40/40 MP: 8/16
  4147 | D:8      | Reached ** piety under Vehumet
  4147 | D:8      | Offered knowledge of Magic Dart by Vehumet.
  4150 | D:8      | Learned a level 1 spell: Magic Dart
  4159 | D:8      | Learned a level 4 spell: Iskenderun's Mystic Blast
  4270 | D:9      | Noticed a troll
  4276 | D:9      | Reached skill level 5 in Fighting
  4302 | D:9      | Identified the +10 short sword "Amiowyamemyi" {flame, rC+
                  | SInv}
  4312 | D:9      | Killed a troll
  4331 | D:9      | Reached skill level 5 in Conjurations
  4420 | D:9      | Noticed a kobold demonologist
  4526 | D:9      | Found a broken altar of Ashenzari.
  4530 | D:9      | You fall into a shaft and drop 1 floor!
  4530 | D:10     | Entered Level 10 of the Dungeon
  4629 | D:9      | Engulfed by a steam dragon's steam
  4630 | D:9      | Reached XP level 8. HP: -5/38 MP: 10/15
  4805 | D:9      | Reached XP level 9. HP: 41/41 MP: 6/16
  4828 | D:9      | Offered knowledge of Poisonous Vapours by Vehumet.
  5730 | D:7      | Found a shadowy altar of Dithmenos.
  6180 | D:6      | Noticed Edmund
  6197 | D:6      | Noticed Sigmund
  6213 | D:6      | Killed Edmund
  6239 | D:6      | Killed Sigmund
  7443 | D:3      | Found a runed translucent gate.
  7443 | D:3      | Found a runed translucent gate.
  7443 | D:3      | Found a runed translucent gate.
  7447 | D:3      | Noticed Nyth's ghost (amateur MiBe)
  7447 | D:3      | Noticed jjjjhere's ghost (amateur MiFi)
  7447 | D:3      | Noticed Godmorgon's ghost (amateur MiFi)
  7587 | D:3      | Killed Nyth's ghost
  7595 | D:3      | Killed jjjjhere's ghost
  7604 | D:3      | Killed Godmorgon's ghost
  7605 | D:3      | Reached skill level 1 in Earth Magic
  7892 | D:2      | Found a runed translucent door.
  7893 | D:2      | Noticed Crazy Yiuf
  7973 | D:2      | Killed Crazy Yiuf
  7973 | D:2      | Reached *** piety under Vehumet
  8693 | D:6      | Killed safid's ghost
  8694 | D:6      | Reached XP level 10. HP: 47/47 MP: 13/17
  8886 | D:9      | Reached skill level 10 in Dodging
  8932 | D:9      | Offered knowledge of Fulminant Prism by Vehumet.
  8986 | D:9      | Found a staircase to the Lair.
  9785 | D:10     | Learned a level 4 spell: Fulminant Prism
 10440 | D:11     | Noticed a two-headed ogre
 10559 | D:10     | Reached **** piety under Vehumet
 10897 | D:11     | Noticed a tengu warrior
 11209 | D:11     | Noticed a cyclops
 11220 | D:11     | Gained mutation: You are clumsy. (Dex -2) [potion of
                  | mutation]
 11220 | D:11     | Lost mutation: You are clumsy. (Dex -2) [potion of
                  | mutation]
 11220 | D:11     | Gained mutation: You are strong-willed. (Will+) [potion of
                  | mutation]
 11220 | D:11     | Gained mutation: Your natural rate of healing is unusually
                  | fast. [potion of mutation]
 11230 | D:11     | Killed a cyclops
 11231 | D:11     | Reached XP level 11. HP: 37/51 MP: 2/18
 11449 | D:11     | Killed a two-headed ogre
 11449 | D:11     | Offered knowledge of Inner Flame by Vehumet.
 11608 | D:11     | Killed a tengu warrior
 11735 | D:11     | Noticed a two-headed ogre
 11742 | D:11     | Killed a two-headed ogre
 11743 | D:11     | Reached skill level 5 in Transmutations
 12036 | D:11     | Found a gateway to a bazaar.
 12294 | Lair:1   | Entered Level 1 of the Lair of Beasts
 12320 | Lair:1   | Reached skill level 5 in Hexes
 12336 | Lair:1   | Reached skill level 5 in Spellcasting
 12342 | Lair:1   | Learned a level 3 spell: Inner Flame
 13257 | Lair:2   | Noticed a death yak
 13257 | Lair:2   | Noticed a death yak
 13326 | Lair:1   | Killed a death yak
 13454 | Lair:1   | Killed a death yak
 13898 | Lair:2   | Noticed a catoblepas
 13901 | Lair:1   | Slain by a komodo dragon
 13902 | Lair:1   | Reached XP level 10. HP: -4/49 MP: 18/18
 13979 | Lair:2   | Killed a black mamba
 13980 | Lair:2   | Reached XP level 11. HP: 37/53 MP: 6/19
 14550 | Lair:2   | Killed a catoblepas
 14739 | Lair:2   | Reached ***** piety under Vehumet
 14926 | Lair:2   | Found a staircase to the Shoals.
 15397 | Lair:3   | Noticed a boulder beetle
 15469 | Lair:3   | Noticed a seven-headed hydra
 15531 | Lair:2   | Killed a seven-headed hydra
 15714 | Lair:3   | Killed a boulder beetle
 15877 | Lair:3   | Noticed a four-headed hydra
 15895 | Lair:3   | Killed a four-headed hydra
 15896 | Lair:3   | Gained mutation: Your thick and shaggy fur keeps you warm.
                  | (AC +3, rC+) [Felid growth]
 15896 | Lair:3   | Reached XP level 12. HP: 45/58 MP: 22/22
 16028 | Lair:3   | Found a hole to the Spider Nest.
 16445 | Lair:4   | Reached skill level 10 in Fighting
 16497 | Lair:4   | Noticed Nessos
 16501 | Lair:4   | Noticed Nessos
 16501 | Lair:4   | Nessos changed into Nessos the culicivora
 16505 | Lair:4   | Killed Nessos the culicivora
 16847 | Lair:4   | Offered knowledge of Freezing Cloud by Vehumet.
 16850 | Lair:4   | Reached skill level 10 in Translocations
 16987 | Lair:4   | Learned a level 5 spell: Freezing Cloud
 17029 | Lair:4   | Reached skill level 1 in Air Magic
 17625 | Lair:5   | Found a staircase to the Slime Pits.
 17626 | Lair:5   | Found a viscous altar of Jiyva.
 17781 | Lair:5   | Noticed an eight-headed hydra
 17798 | Lair:5   | Noticed Kirke
 17803 | Lair:5   | Reached skill level 1 in Ice Magic
 17806 | Lair:5   | Killed Kirke
 17818 | Lair:5   | Killed an eight-headed hydra
 18347 | Lair:6   | Entered Level 6 of the Lair of Beasts
 18391 | Lair:6   | Noticed a boulder beetle
 18467 | Lair:5   | Reached XP level 13. HP: 54/61 MP: 3/25
 18554 | Lair:6   | Reached skill level 10 in Conjurations
 18748 | Lair:6   | Offered knowledge of Lee's Rapid Deconstruction by Vehumet.
 18757 | Lair:6   | Learned a level 5 spell: Lee's Rapid Deconstruction
 20369 | D:12     | Identified the +5 plate armour of the Lich-sworn {*Corrode
                  | rElec Int+4 Slay+4}
 20372 | D:12     | Found a staircase to the Orcish Mines.
 20709 | D:12     | Reached skill level 15 in Dodging
 20919 | D:12     | Reached skill level 5 in Ice Magic
 20919 | D:12     | Reached XP level 14. HP: 55/66 MP: 17/27
 21561 | D:12     | Offered knowledge of Conjure Ball Lightning by Vehumet.
 23218 | D:14     | Noticed Josephine
 23236 | D:14     | Killed Josephine
 23290 | D:14     | Noticed Azrael
 23295 | D:14     | Killed Azrael
 23547 | D:14     | Identified Roxanne's Volume of Transmutation
 23547 | D:14     | Noticed Roxanne
 23590 | D:14     | Reached skill level 5 in Earth Magic
 23636 | D:14     | Killed Roxanne
 23852 | D:14     | Found a gate to the Vaults.
 24590 | D:15     | Entered Level 15 of the Dungeon
 24599 | D:15     | Reached XP level 15. HP: 69/69 MP: 14/28
 24608 | D:15     | Noticed a frost giant
 24675 | D:15     | Offered knowledge of Ozocubu's Refrigeration by Vehumet.
 24723 | D:15     | Noticed a sphinx
 24733 | D:15     | Killed a sphinx
 24753 | D:15     | Found a flickering gateway to a bazaar.
 24772 | Bazaar   | Entered a bazaar
 24795 | Bazaar   | Found Xatzatri's Distillery.
 24838 | Bazaar   | Found Qahoj's General Store.
 24850 | Bazaar   | Found Viosecw's Magic Scroll Emporium.
 24929 | Bazaar   | Found Reasches's Weapon Shoppe.
 24948 | Bazaar   | Found Zeiho's Antique Weapon Emporium.
 24962 | Bazaar   | Bought a potion of haste for 110 gold pieces
 24962 | Bazaar   | Bought a potion of haste for 110 gold pieces
 24962 | Bazaar   | Bought a potion of haste for 110 gold pieces
 24962 | Bazaar   | Bought a potion of heal wounds for 55 gold pieces
 24962 | Bazaar   | Bought 2 potions of haste for 220 gold pieces
 24962 | Bazaar   | Bought a potion of magic for 88 gold pieces
 25056 | D:15     | Noticed Louise
 25131 | Orc:1    | Entered Level 1 of the Orcish Mines
 25131 | Orc:1    | Noticed an orc warlord
 25148 | Orc:1    | Killed an orc warlord
 25398 | Orc:2    | Entered Level 2 of the Orcish Mines
 25482 | Orc:2    | Found Yngoip's General Store.
 25488 | Orc:2    | Found a staircase to the Elven Halls.
 26586 | Orc:2    | Noticed an orc warlord
 26614 | Orc:2    | Killed an orc warlord
 27143 | Orc:2    | Found Obrac's General Store.
 27144 | Orc:2    | Found Vero's Jewellery Shop.
 27146 | Orc:2    | Found Pij Vece's Antique Armour Shop.
 27146 | Orc:2    | Found Cazxic's Antique Weapon Boutique.
 27219 | Orc:1    | Found Huimusats's Magic Scroll Shop.
 27235 | Orc:1    | Noticed Jorgrun
 27243 | Orc:1    | Offered knowledge of Eringya's Noxious Bog by Vehumet.
 27247 | Orc:1    | Killed Jorgrun
 27248 | Orc:1    | Reached skill level 10 in Transmutations
 28068 | D:15     | Killed Louise
 28348 | D:15     | Killed a frost giant
 28952 | D:15     | Found a staircase to the Depths.
 28990 | D:15     | Learned a level 6 spell: Statue Form
 29266 | Spider:1 | Entered Level 1 of the Spider Nest
 29266 | Spider:1 | Noticed Donald
 29272 | Spider:1 | Killed Donald
 29363 | Spider:1 | Noticed Asterion
 29365 | Spider:1 | Noticed an Executioner
 29378 | Spider:1 | Noticed an Executioner
 29444 | Spider:1 | Noticed an Executioner
 29446 | Spider:1 | Killed Asterion
 29526 | Spider:1 | Reached XP level 16. HP: 73/73 MP: 25/30
 29526 | Spider:1 | Noticed Aizul
 29541 | Spider:1 | Killed Aizul
 30022 | Spider:2 | Reached skill level 10 in Spellcasting
 30275 | Spider:2 | Reached skill level 10 in Earth Magic
 30355 | Spider:2 | Offered knowledge of Irradiate by Vehumet.
 30888 | Spider:3 | Reached ****** piety under Vehumet
 31199 | Spider:3 | Reached skill level 10 in Ice Magic
 31862 | Spider:4 | Entered Level 4 of the Spider Nest
 32204 | Spider:4 | Offered knowledge of Ignition by Vehumet.
 32393 | Spider:4 | Reached XP level 17. HP: 76/76 MP: 18/33
 32454 | Spider:4 | Got a gossamer rune of Zot
 33069 | Shoals:1 | Entered Level 1 of the Shoals
 33069 | Shoals:1 | Noticed a kraken
 33080 | Shoals:1 | Killed a kraken
 33084 | Shoals:1 | Offered knowledge of Shatter by Vehumet.
 33084 | Shoals:1 | Offered knowledge of Chain Lightning by Vehumet.
 33084 | Shoals:1 | Offered knowledge of Maxwell's Capacitive Coupling by
                  | Vehumet.
 33990 | Shoals:2 | Found Uxebb's General Store.
 34006 | Shoals:2 | Bought a potion of brilliance for 48 gold pieces
 34170 | Shoals:2 | Found Past's Magic Scroll Emporium.
 34281 | Shoals:2 | Found Ollif's Antique Armour Shoppe.
 34853 | Shoals:3 | Learned a level 6 spell: Dispersal
 35082 | Shoals:4 | Entered Level 4 of the Shoals
 35217 | Shoals:4 | Noticed Mara
 35283 | Shoals:4 | Identified the +8 mace of Dissolution {drain, *Noise +Blink
                  | rN+ rCorr}
 35283 | Shoals:4 | Identified the quicksilver dragon scales of Noukh {Fly
                  | Will+ Int+4}
 35310 | Shoals:4 | Noticed Polyphemus
 35317 | Shoals:4 | Noticed Zeldest's illusion
 35322 | Shoals:4 | Killed Polyphemus
 35324 | Shoals:4 | Killed Mara
 35330 | Shoals:4 | Reached XP level 18. HP: 80/80 MP: 5/36
 35338 | Shoals:4 | Identified the +8 short sword of Karma {freeze, *Slow Int+3
                  | Dex+4}
 35494 | Shoals:4 | Got the Papyrus of Earthen Weightlessness
 35500 | Shoals:4 | Got a barnacled rune of Zot
 35531 | Shoals:4 | Engulfed by a cloud of freezing vapour
 35532 | Shoals:4 | Reached XP level 17. HP: -8/98 MP: 28/35
 35839 | Shoals:4 | Paralysed by an air elemental for 1 turns
 35842 | Shoals:4 | Paralysed by an air elemental for 1 turns
 35847 | Shoals:4 | Paralysed by an air elemental for 1 turns
 35864 | Shoals:4 | Paralysed by an air elemental for 1 turns
 35977 | Shoals:4 | Noticed Nikola
 35985 | Shoals:4 | Killed from afar by Nikola
 35986 | Shoals:4 | Reached XP level 16. HP: -11/94 MP: 11/34
 36211 | Shoals:4 | Killed Nikola
 36250 | Shoals:4 | Learned a level 9 spell: Shatter
 36544 | Vaults:1 | Entered Level 1 of the Vaults
 37151 | Vaults:1 | Found a portal to a secret trove of treasure.
 37151 | Vaults:1 | Noticed a tengu reaver
 37173 | Vaults:1 | Killed a tengu reaver
 37304 | Vaults:1 | Identified the +9 storm dragon scales of Beyond {rElec
                  | rCorr Str+2}
 37637 | Vaults:1 | Reached XP level 17. HP: 76/76 MP: 18/36
 37777 | Vaults:1 | Reached skill level 15 in Earth Magic
 38609 | Elf:1    | Entered Level 1 of the Elven Halls
 38660 | Elf:1    | You fall into a shaft and drop 1 floor!
 38660 | Elf:2    | Noticed a deep elf blademaster
 38667 | Elf:2    | Found a runed translucent door.
 38667 | Elf:2    | Found a runed translucent door.
 38679 | Elf:2    | HP: 4/98 [+1 glaive of freezing (16)]
 38679 | Elf:2    | HP: 1/98 [+1 glaive of freezing (3)]
 38680 | Elf:2    | Mangled by a +1 glaive of freezing

Illustrated notes

Levels and vault maps discovered:
D:1:      amcnicky_arrival_wind_blow, layout_loops_cross,
          ebering_ecumenical_altar_hall, minmay_pentomino_p4
D:2:      layout_basic, serial_shops, shop, uniq_crazy_yiuf_cottage
D:3:      layout_basic, mainiacjoe_overflow_paths, gammafunk_ghost_cemetery,
          lemuel_old_faithful, uniq_jessica
D:4:      layout_gridville, elyvilon_altar_4
D:5:      layout_basic
D:6:      layout_basic, minmay_temple_entry_stoned_glass,
          ebering_ghost_rock_garden, sigmund_edmund_badplayer
D:7:      layout_loops_ring, grunt_dithmenos_smoke, uniq_maggie
D:8:      layout_basic, lemuel_round_altar, chequers_temple_overflow_minitemple,
          serial_glass, glass_columns_c, glass_columns_a, minivault_1,
          hangedman_decor_push, uniq_grum
D:9:      layout_loops_ring, nicolae_ashenzari_skybound, erik_lair_dragon,
          kennysheep_generic_room_15
D:10:     layout_long_grid
D:11:     layout_rooms, serial_shops, bzr_firewalk, minmay_statues_item
D:12:     layout_roguey, david_orc_5, minmay_librarian
D:13:     layout_loops_ring, minmay_misc_feat_secret_circle,
          chequers_serial_rivers_micro_c
D:14:     layout_basic, grunt_vaults_entry_fortified, hangedman_decor_growths,
          minmay_the_grid_square_5x5_3x3_mashed
          [minmay_the_grid_square_5x5_forky, minmay_the_grid_square_5x5_minimal,
          minmay_the_grid_square_5x5_bite, minmay_the_grid_square_5x5_inner_z,
          minmay_the_grid_square_5x5_megaprize_hollow,
          minmay_the_grid_square_5x5_tie,
          minmay_the_grid_square_5x5_doubleslash,
          minmay_the_grid_square_5x5_bridge,
          minmay_the_grid_square_5x5_checkered_sparse], uniq_azrael,
          uniq_roxanne, uniq_josephine
D:15:     grunt_enter_depths_magical_seal, layout_basic, serial_shops,
          bzr_entry_customers, dispersion_dpeg, uniq_louise
Temple:   dshaligram_water_room_temple
Lair:1:   layout_gridlike, lemuel_fruit_tree
Lair:2:   layout_cave_pods, minmay_shoals_entry_beasts,
          nicolae_volcano_entry_batcave
Lair:3:   layout_misc_corridors, spider_nest_entry_web_field,
          grunt_megastairs_5, serial_bayou_shore_a
Lair:4:   layout_roguey, uniq_nessos
Lair:5:   layout_cellular_growth, slime_altar_1, grunt_megastairs_4, uniq_kirke
Lair:6:   minmay_lair_end_enchanted_forest, layout_gridlike,
          serial_bayou_pond_d, fungi_pond_lemuel, grunt_forest_small_clearings,
          wad_woods_river_02, serial_bayou_shore_b
Shoals:1: layout_shoals, st_shoals_ruin
Shoals:2: layout_shoals, serial_shops, nicolae_shop_behind_doors, shop, shop
Shoals:3: layout_shoals
Shoals:4: shoals_end_hellmonk_storm_palace [storm_palace_center_ruins,
          storm_palace_corner_pillars, storm_palace_corner_grid,
          storm_palace_corner_blocked, storm_palace_corner_reverse_hut],
          uniq_nikola, uniq_mara, uniq_polyphemus
Spider:1: nicolae_spider_mines_2, hangedman_spider_tarantella_strand,
          uniq_aizul, uniq_asterion, uniq_donald
Spider:2: layout_spider_delve
Spider:3: layout_cave_pods
Spider:4: hellmonk_spider_rune_endless_swarm, nicolae_spider_nook
Orc:1:    layout_caves, serial_shops, shop, uniq_jorgrun
Orc:2:    st_orc_congregation, layout_caves, serial_shops, nicolae_diamond_shop
Elf:1:    layout_geoelf_diagonals, serial_shops, nicolae_diamond_shop,
          minivault_28, nicolae_elf_glass_and_crystal_pillar_2,
          grunt_megastairs_3
Elf:2:    nicolae_elf_blades_splatter_lattice
          [nicolae_blade_entry_splitting_headache], layout_rooms, serial_shops,
          shop, shop, shop, shop, shop
Vaults:1: dpeg_vaults_waves, vaults_room_octagon, nicolae_vaults_ninety_degrees,
          v_misc_18, nicolae_vaults_little_squares_6, hangedman_vaults_hat,
          vaults_room_door_ring, vaults_room_fours, v_alt_pattern_5, v_misc_16,
          v_misc_16, hangedman_vaults_variations, nicolae_vaults_gold_heap,
          layout_vaults_omnibox, nicolae_trove_entry_crossroad

Skill      XL: |  1  2  3  4  5  6  7  8  9 10 11 12 13 14 15 16 17 18 |
---------------+-------------------------------------------------------+-----
Dodging        | 3 4 5 6 9 10 12 13 15 | 15.3
Unarmed Combat | 1 2 |  2.5
Fighting       | 1 2 3 4 7 9 8 10 | 10.1
Spellcasting   | 3 4 6 7 8 9 14 13 | 14.1
Transmutations | 1 2 4 5 7 11 13 | 13.5
Invocations    | 1 |  1.8
Conjurations   | 1 2 4 6 7 9 10 | 10.8
Hexes          | 1 3 6 7 |  7.0
Summonings     | 5 6 |  6.0
Translocations | 1 3 5 8 9 10 | 10.0
Earth Magic    | 1 3 4 6 9 14 15 12 | 15.7
Air Magic      | 2 4 |  4.0
Ice Magic      | 2 5 9 10 12 | 12.4
Stealth        | |  2.6

Action                   |  1- 3 |  4- 6 |  7- 9 | 10-12 | 13-15 | 16-18 || total
-------------------------+-------+-------+-------+-------+-------+-------++-------
Melee: Unarmed           |    18 |    37 |    85 |    84 |    38 |   238 ||   500
       Bite              |     1 |     8 |     7 |    14 |    10 |    52 ||    92
       Punch             |     1 |       |     3 |     1 |     2 |    10 ||    17
 Cast: Summon Small Mamm |    25 |    37 |     6 |       |       |       ||    68
       Call Imp          |     6 |    15 |    11 |     1 |       |       ||    33
       Call Canine Famil |       |    15 |    37 |    31 |     3 |       ||    86
       Summon Guardian G |       |     3 |    72 |    47 |    36 |     2 ||   160
       Magic Dart        |       |       |    20 |    32 |    25 |     4 ||    81
       Iskenderun's Myst |       |       |     2 |    93 |   281 |   262 ||   638
       Fulminant Prism   |       |       |       |   148 |    51 |     7 ||   206
       Inner Flame       |       |       |       |    17 |       |       ||    17
       Blink             |       |       |       |     1 |     2 |     7 ||    10
       Freezing Cloud    |       |       |       |     2 |   235 |   353 ||   590
       Lee's Rapid Decon |       |       |       |       |    32 |    19 ||    51
       Statue Form       |       |       |       |       |     5 |   120 ||   125
       Dispersal         |       |       |       |       |       |    14 ||    14
Evoke: Wand              |       |       |    13 |     3 |     5 |     9 ||    30
  Use: Scroll            |       |       |     6 |     8 |    18 |    13 ||    45
       Potion            |       |       |     6 |     7 |     4 |    11 ||    28
 Stab: Sleeping          |     1 |     3 |     2 |     1 |     1 |       ||     8
       Distracted        |       |       |     1 |     1 |       |       ||     2
Armor: Skin              |     3 |     3 |    38 |     9 |    24 |   252 ||   329
Dodge: Dodged            |    42 |    33 |   142 |   363 |   355 |  1286 ||  2221
